 Dungeon Crawl Stone Soup version 0.22-a0-542-gce4f928 (webtiles) character file.

213 kae the Insei (level 5, 0/58 HPs)
             Began as a Demonspawn Transmuter on June 24, 2018.
             Was an Initiate of Okawaru.
             Succumbed to an adder's poison
             ... on level 2 of the Dungeon.
             The game lasted 00:02:59 (2622 turns).

kae the Insei (Demonspawn Transmuter)               Turns: 2622, Time: 00:03:00

Health: 0/58       AC: 22    Str: 10    XL:     5   Next: 59%
Magic:  9/9        EV:  2    Int: 15    God:    Okawaru [......]
Gold:   79         SH:  0    Dex: 14    Spells: 3/9 levels left

rFire    . . .     SeeInvis .     - Unarmed
rCold    . . .     Gourm    .   (no shield)
rNeg     + + +     Faith    .   (armour currently unavailable)
rPois    +         Spirit   .   (helmet currently unavailable)
rElec    .         Reflect  .   (cloak currently unavailable)
rCorr    .         Harm     .   (gloves currently unavailable)
MR       .....     NoTele   +   (boots currently unavailable)
Stlth    +.........             (no amulet)
HPRegen  0.19/turn              (no ring)
MPRegen  0.11/turn              (no ring)

@: lethally poisoned (0 -> -1), tree-form (expiring), hasted, very quick
A: demonic guardian 1
a: Renounce Religion


You were on level 2 of the Dungeon.
You worshipped Okawaru.
Okawaru was noncommittal.
You were very hungry.
You were a tree.
You visited 1 branch of the dungeon, and saw 3 of its levels.

You collected 79 gold pieces.

Inventory:

Missiles
 a - 65 arrows
Armour
 b - a +0 robe (melded)
 e - a +1 pair of boots (melded)
Scrolls
 f - 2 scrolls of teleportation
 l - a scroll of noise
 r - a scroll of enchant weapon
Potions
 h - 2 potions of brilliance
 q - a potion of haste
Comestibles
 d - 7 rations


   Skills:
 + Level 2.3 Fighting
 - Level 1.7 Dodging
 * Level 4.0 Unarmed Combat
 + Level 2.8 Spellcasting
 * Level 3.3 Transmutations


You had 3 spell levels left.
You knew the following spells:

 Your Spells              Type           Power        Failure   Level  Hunger
a - Beastly Appendage     Tmut           ##....       4%          1    #......
b - Sticks to Snakes      Tmut           ##......     8%          2    ##.....
c - Spider Form           Tmut/Pois      #.........   30%         3    ###....

Your spell library contained the following spells:

 Spells                   Type           Power        Failure   Level  Hunger
 Blade Hands              Tmut           ##........   80%         5    ######.
 Ice Form                 Ice/Tmut       #.......     71%         4    #####..


Dungeon Overview and Level Annotations

Branches:
Dungeon (3/15)

Altars:
Nemelex Xobeh
Okawaru


Innate Abilities, Weirdness & Mutations

((You have large cloven feet.))
((You are partially covered in icy blue scales. (AC +2)))
((Your flesh is cold resistant. (rC+)))
A weak demonic guardian rushes to your aid.


Message History

You feel sick.
Unknown command.
* * * LOW HITPOINT WARNING * * *
You feel sick.
* * * LOW HITPOINT WARNING * * *
You feel sick.
You feel yourself speed up.
Okay, then.
There is a lethal amount of poison in your body!
There is a lethal amount of poison in your body!
There is a lethal amount of poison in your body!
* * * LOW HITPOINT WARNING * * *
You feel sick.
Your transformation is almost over.
Unknown command.
Unknown command.
Unknown command.
Unknown command.
Unknown command.
You die...

#.........#.##
##### #.#
#.######...## #.#
#.........## #.#
#.#######.## #.#
.....###...######
#.#
#<##.[...#......#
#.#
#.######...####.#
#######.# #.#
##.##
#.#######.......#
#.#######.#
#>♣.......#######
#.........#
###########
###########


There were no monsters in sight!

Vanquished Creatures
  An orc priest (D:3)
  Jessica (D:2)
  A worker ant zombie (D:2)
  6 adders
  2 worms (D:2)
  2 leopard geckos (D:2)
  3 orcs (D:3)
  5 giant cockroaches
  4 goblins
  9 hobgoblins
  12 jackals
  2 quokkas (D:2)
  A ball python (D:1)
  4 bats
  6 frilled lizards
  8 kobolds
  4 rats
71 creatures vanquished.

Vanquished Creatures (collateral kills)
  An adder (D:3)
  An orc (D:3)
  A hobgoblin (D:3)
  A jackal (D:3)
  A bat (D:3)
  A rat (D:3)
6 creatures vanquished.

Grand Total: 77 creatures vanquished

Notes
Turn   | Place    | Note
-------+----------+-------------------------------------------
     0 | D:1      | kae the Demonspawn Transmuter began the quest for the Orb.
     0 | D:1      | Reached XP level 1. HP: 15/15 MP: 3/3
   224 | D:1      | Gained mutation: Your flesh is cold resistant. (rC+) [demonic ancestry]
   224 | D:1      | Reached XP level 2. HP: 16/21 MP: 5/5
   487 | D:1      | Reached skill level 3 in Unarmed Combat
   668 | D:1      | Gained mutation: You are partially covered in icy blue scales. (AC +2) [demonic ancestry]
   668 | D:1      | Reached XP level 3. HP: 12/26 MP: 6/6
   894 | D:1      | Learned a level 2 spell: Sticks to Snakes
   898 | D:1      | Learned a level 3 spell: Spider Form
  1210 | D:2      | Noticed Jessica
  1216 | D:2      | Killed Jessica
  1216 | D:2      | Gained mutation: A weak demonic guardian rushes to your aid. [demonic ancestry]
  1216 | D:2      | Reached XP level 4. HP: 25/33 MP: 3/7
  1590 | D:2      | Found a faded altar of an unknown god.
  1844 | D:2      | Found a sparkling altar of Nemelex Xobeh.
  2110 | D:2      | Found a sparkling altar of Nemelex Xobeh.
  2274 | D:3      | Gained mutation: You have large cloven feet. [demonic ancestry]
  2274 | D:3      | Reached XP level 5. HP: 33/38 MP: 6/9
  2413 | D:3      | Found an iron altar of Okawaru.
  2444 | D:3      | Became a worshipper of Warmaster Okawaru
  2592 | D:2      | Reached skill level 4 in Unarmed Combat
  2604 | D:2      | HP: 2/58 [poisoned by an adder]
  2612 | D:2      | HP: 1/58 [poisoned by an adder]
  2622 | D:2      | Succumbed to an adder's poison

Vault maps used:
D:1:      dpeg_arrival_shelter
D:2:      old_standard_altar, chequers_ecumenical_altar_twisty,
          nemelex_lonely_heart_becter, uniq_jessica
D:3:      tso_oasis_becter, okawaru_altar_gauntlet_db, fedhas_altar_2,
          first_ration, kennysheep_generic_room_6

Skill      XL: |  1  2  3  4  5 |
---------------+----------------+-----
Transmutations | 2 3 |  3.3
Unarmed Combat | 3 4 |  4.0
Fighting       | 2 |  2.3
Dodging        | |  1.7
Spellcasting   | |  2.8

Action                   |  1- 3 |  4- 6 || total
-------------------------+-------+-------++-------
Melee: Unarmed           |    99 |   163 ||   262
       Headbutt          |     5 |     1 ||     6
       Punch             |     1 |     1 ||     2
 Cast: Beastly Appendage |     8 |     2 ||    10
       Spider Form       |     2 |     6 ||     8
       Sticks to Snakes  |       |     4 ||     4
  Use: Scroll            |       |    12 ||    12
       Potion            |       |     5 ||     5
 Stab: Distracted        |       |     3 ||     3
  Eat: Chunk             |     1 |     5 ||     6
Armor: Robe              |    26 |    47 ||    73
       Skin              |     1 |     4 ||     5
Dodge: Dodged            |    84 |   132 ||   216

Table legend:
 A = Spawn XP
 B = Non-spawn XP
 C = Spawn XP percentage of total XP
 D = Spawn monster count
 E = Non-spawn monster count
 F = Spawn count percentage of total count
 G = Total turns spent on level
                    A         B        C        D         E        F      G
               +---------+---------+-------+---------+---------+-------+---------
         Total |       0 |     305 |   0.0 |       0 |      77 |   0.0 |  2622
               +---------+---------+-------+---------+---------+-------+---------
           D:1 |       0 |      44 |   0.0 |       0 |      22 |   0.0 |  1088
           D:2 |       0 |     160 |   0.0 |       0 |      31 |   0.0 |  1167
           D:3 |       0 |     101 |   0.0 |       0 |      24 |   0.0 |   367
               +---------+---------+-------+---------+---------+-------+---------
